 Dungeon Crawl Stone Soup version 0.28-a0-474-g535839065c (webtiles) character file.

Game seed: 9581344795279312047

123 TrogsFancyHat the Gusty (level 5, 0/28 HPs)
             Began as a Tengu Air Elementalist on Sept 15, 2021.
             Succumbed to an orc's poison
             ... on level 3 of the Dungeon.
             The game lasted 00:05:01 (2976 turns).

TrogsFancyHat the Gusty (Tengu Air Elementalist)    Turns: 2976, Time: 00:05:02

Health: 0/28       AC:  3    Str:  9    XL:     5   Next: 7%
Magic:  10/10      EV: 18    Int: 16    God:
Gold:   92         SH:  0    Dex: 14    Spells: 2/10 levels left

rFire   . . .      SeeInvis .   j - +0 trident
rCold   . . .      Faith    .   (no shield)
rNeg    . . .      Spirit   .   a - +0 robe
rPois   .          Reflect  .   (helmet restricted)
rElec   .          Harm     .   (no cloak)
rCorr   .          Rampage  .   k - +0 pair of gloves
Will    .....                   (boots unavailable)
Stlth   ++........              (no amulet)
HPRegen 0.09/turn               d - +4 ring of evasion
MPRegen 0.12/turn               (no ring)

@: lethally poisoned (0 -> -10), flying quickly and evasively, quick
A: beak, talons 3, nimble flight
a: no special abilities


You were on level 3 of the Dungeon.
You visited 1 branch of the dungeon, and saw 3 of its levels.

You collected 92 gold pieces.

Inventory:

Hand Weapons
 j - a +0 trident (weapon)
Missiles
 g - 2 silver boomerangs (quivered)
Armour
 a - a +0 robe (worn)
 k - a +0 pair of gloves (worn)
Jewellery
 d - a +4 ring of evasion (left hand)
Scrolls
 c - a scroll of noise {unknown}
 e - a scroll of identify {unknown}
 h - a scroll of enchant armour {unknown}
 i - a scroll of blinking {unknown}
Potions
 b - a potion of haste {unknown}
 f - a potion of cancellation {unknown}


   Skills:
 - Level 2.1 Dodging
 - Level 2.0 Stealth
 + Level 3.1 Spellcasting
 + Level 3.6 Conjurations
 + Level 5.4 Air Magic


You had 2 spell levels left.
You knew the following spells:

 Your Spells              Type           Power      Damage    Failure   Level
a - Shock                 Conj/Air       68%        1d7       3%          1
b - Swiftness             Air            19%        N/A       6%          3
c - Airstrike             Air            9%         N/A       21%         4

Your spell library contained the following spells:

 Spells                   Type           Power      Damage    Failure   Level
 Magic Dart               Conj           56%        1d5       4%          1
 Static Discharge         Conj/Air       17%        N/A       4%          2
 Call Imp                 Summ           2%         N/A       28%         2
 Passwall                 Tmut/Erth      1%         N/A       28%         2
 Mephitic Cloud           Conj/Pois/Air  12%        N/A       16%         3
 Invisibility             Hex            1%         N/A       100%        6


Dungeon Overview and Level Annotations

Branches:
Dungeon (3/15)

Altars:


Innate Abilities, Weirdness & Mutations

You have a beak for a mouth.
You have claws for feet.
Your magical nature lets you fly swiftly and evasively.


Message History

You kill the orc!
The orc closely misses you.
The quokka bites you but does no damage.
The frilled lizard completely misses you.
The orc misses you.
You closely miss the quokka. The quokka misses you.
The frilled lizard misses you. The orc hits you with a +0 short sword.
The quokka barely misses you.
You barely miss the quokka. The quokka misses you.
The frilled lizard bites you.
An orc comes into view. It is wielding a +0 short sword.
The quokka misses you.
You hit the orc.
The orc is heavily wounded.
The frilled lizard completely misses you.
The orc misses you.
The orc hits you with a +0 dagger of venom.
You are poisoned.
The quokka barely misses you. The frilled lizard barely misses you.
The orc barely misses you.
You hit the orc.
The orc is severely wounded.
You feel very sick.
The quokka bites you but does no damage.
The orc hits you with a +0 dagger of venom.
You are lethally poisoned!
The frilled lizard completely misses you.
The orc hits you with a +0 short sword. The quokka barely misses you.
You are too injured to fight recklessly!
You are too injured to fight recklessly!
You are too injured to fight recklessly!
You are too injured to fight recklessly!
You feel very sick.
* * * LOW HITPOINT WARNING * * *
You feel very sick. The orc hits you with a +0 short sword.
* * * LOW HITPOINT WARNING * * *
* * * LOW HITPOINT WARNING * * *
You feel very sick.
You die...

#.##.......#
#.#
#..........#
#.# #♣
####.......#
#.# .#
#######....##
#.# .# ≈♣
.<.........#
#.# .# .≈≈≈
##########.#
##.##.#...≈≈
#.# #..oo..#
#.# #.orl.##
#.# #@####.#
#.# #.# #.#
#.#####.##
..#
#...)....# .#
#######..# .
#..# .. #....
##.#.. .##...


You could see 3 orcs, a quokka and a frilled lizard.

Vanquished Creatures
  6 adders (D:2)
  A worm (D:2)
  3 dart slugs (D:2)
  An orc (D:3)
  8 bats
  5 endoplasms
  3 giant cockroaches
  2 goblins
  3 hobgoblins
  10 jackals
  4 kobolds
  4 quokkas
  3 ball pythons (D:1)
  A frilled lizard (D:2)
  A rat (D:2)
55 creatures vanquished.

Notes
Turn   | Place    | Note
-------+----------+-------------------------------------------
     0 | D:1      | TrogsFancyHat the Tengu Air Elementalist began the quest
                  | for the Orb.
     0 | D:1      | Reached XP level 1. HP: 10/10 MP: 4/4
   328 | D:1      | Reached XP level 2. HP: 15/15 MP: 0/6
  1023 | D:1      | Reached XP level 3. HP: 19/19 MP: 4/7
  1562 | D:2      | Reached XP level 4. HP: 24/24 MP: 3/9
  1639 | D:2      | Reached skill level 5 in Air Magic
  2680 | D:2      | Gained mutation: Your magical nature lets you fly swiftly
                  | and evasively. [Tengu growth]
  2680 | D:2      | Reached XP level 5. HP: 28/28 MP: 4/10
  2684 | D:2      | Learned a level 3 spell: Swiftness
  2689 | D:2      | Learned a level 4 spell: Airstrike
  2976 | D:3      | Succumbed to an orc's poison

Illustrated notes

Levels and vault maps discovered:
D:1:      shiori_shiawase, layout_loops_corners
D:2:      layout_basic, ebering_dispersal_statue_hall
D:3:      layout_loops_ring, elyvilon_altar_3, ebering_ghost_gozag,
          chequers_serial_rivers_large_a, hex_medium

Skill      XL: |  1  2  3  4 |
---------------+-------------+-----
Conjurations   | 2 3 |  3.6
Air Magic      | 5 |  5.4
Spellcasting   | 3 |  3.1
Dodging        | |  2.1
Stealth        | |  2.0

Action                   |  1- 3 |  4- 6 || total
-------------------------+-------+-------++-------
Melee: Unarmed           |     4 |       ||     4
       Kick              |     4 |     1 ||     5
       Short sword       |    19 |       ||    19
       Peck              |     4 |     1 ||     5
       Trident           |       |    14 ||    14
 Cast: Shock             |    50 |    60 ||   110
 Stab: Sleeping          |     1 |       ||     1
Armor: Robe              |    12 |     5 ||    17
Dodge: Dodged            |    33 |    35 ||    68

Table legend: (Time is in decaauts)
 A = Elapsed time spent in this place.
 B = Non-inter-level travel time spent in this place.
 C = Inter-level travel time spent in this place.
 D = Time resting spent in this place.
 E = Time spent auto-exploring this place.
 F = Levels seen in this place.
 G = Mean time per level.
                   A        B        C        D        E       F      G
               +--------+--------+--------+--------+--------+-----+--------+
         Total |   2957 |   2902 |     55 |    176 |   2363 |   3 |  985.7 |
       Dungeon |   2957 |   2902 |     55 |    176 |   2363 |   3 |  985.7 |
               +--------+--------+--------+--------+--------+-----+--------+

Top non-repeatable levels by time:
     D:1: 1458 daAuts
     D:2: 1407 daAuts
     D:3: 91 daAuts
